Map: 亚历山大港 - 天梯版

Players

MaNa - Winner!

  • Race: Protoss Protoss
  • League: Master

StriKE

  • Race: Terran Terran
  • League: Grandmaster

Event: WESG 2018 Grand Finals

VOD

Have the link to the VOD?

Description

Time

  • Played on: March 11, 2019, 1:57 a.m.
  • Length: 7:23

All games in this series

Show
View Real Time Build Order
Export as new Build Order

MaNa Protoss - Winner!

Build Orders: 1 Gate Expand 

Get SALT Encoding   

  12  0:00  Probe  
  13  0:12  Probe  
  14  0:20  Pylon  
  14  0:24  Probe  
  15  0:34  Probe  
  15  0:39  Gateway  
  15  0:42  Probe  
  16  0:48  Assimilator  
  17  0:52  Probe  
  18  1:05  Probe  
  19  1:17  Probe  
  20  1:27  Nexus  
  20  1:37  Cybernetics Core  
  20  1:39  Probe  
  21  1:47  Assimilator  
  21  1:52  Probe  
  22  1:57  Pylon  
  21  2:04  Probe  
  21  2:05  Adept  
  24  2:16  Probe, Warp Gate  
  25  2:27  Stalker  
  25  2:28  Probe  
  25  2:29  Robotics Facility  
  28  2:44  Shield Battery  
  28  2:46  Probe  
  28  2:49  Probe  
  29  2:56  Stalker  
  31  2:58  Probe  
  31  3:02  Probe  
  33  3:10  Probe  
  33  3:18  Observer  
  34  3:20  Probe  
  35  3:30  Warp Prism  
  35  3:34  Gateway  
  35  3:35  Gateway  
  37  3:42  Probe x2  
  37  3:50  Probe x2  
  37  3:52  Pylon  
  39  3:58  Probe x2  
  41  4:04  Stalker  
  41  4:09  Pylon  
  43  4:11  Probe x2  
  43  4:15  Observer  
  46  4:23  Probe x2  
  48  4:34  Stalker  
  48  4:35  Stalker x2  
  54  4:39  Probe x2  
  56  4:48  Twilight Council  
  56  4:49  Forge  
  56  4:57  Probe x2  
  58  5:01  Zealot  
  58  5:02  Zealot  
  57  5:11  Warp Prism  
  57  5:12  Probe  
  56  5:14  Charge  
  52  5:22  Protoss Ground Armor Level 1  
  52  5:23  Stalker x3  
  56  5:30  Probe  
  56  5:33  Probe  
  56  5:45  Nexus, Observer  
  54  5:50  Zealot x3  
  54  5:52  Assimilator  
  54  5:53  Probe x2, Assimilator  
  62  6:00  Pylon  
  61  6:12  Gateway  
  61  6:14  Gateway  
  61  6:15  Probe  
  61  6:17  Gateway  
  62  6:18  Probe  
  62  6:23  Adept x3  
  69  6:27  Probe  
  69  6:30  Pylon  
  70  6:33  Pylon  
  70  6:39  Templar Archives  
  70  6:48  Probe x2  
  70  6:51  Zealot x2  
  76  6:57  Probe  
  75  7:02  Probe  
  75  7:05  Probe  
  73  7:10  Zealot  
  73  7:11  Zealot x3  
  73  7:12  Zealot x2  
Show
View Real Time Build Order
Export as new Build Order

StriKE Terran 

Build Orders: Gas First Reaper Expand 

Get SALT Encoding   

  12  0:00  SCV  
  13  0:12  SCV  
  14  0:18  Supply Depot  
  14  0:24  SCV  
  15  0:29  Refinery  
  15  0:39  SCV  
  16  0:45  Barracks  
  16  0:52  SCV  
  17  1:04  SCV  
  18  1:16  SCV  
  19  1:32  Orbital Command  
  19  1:33  Reaper  
  20  1:48  Command Center  
  20  1:59  SCV  
  21  2:03  Factory  
  21  2:08  Barracks Reactor  
  21  2:11  SCV  
  21  2:14  Refinery  
  22  2:18  Supply Depot  
  22  2:26  SCV  
  23  2:40  SCV  
  24  2:48  Marine x2  
  24  2:49  Starport, Widow Mine  
  28  2:56  SCV  
  28  3:06  Orbital Command  
  27  3:13  Factory Tech Lab  
  26  3:20  Marine  
  26  3:21  Marine  
  26  3:23  SCV  
  28  3:27  Viking  
  28  3:33  SCV  
  31  3:35  SCV  
  31  3:45  Cyclone  
  31  3:47  Marine  
  35  4:04  Starport Tech Lab  
  35  4:05  SCV  
  36  4:11  Bunker, SCV  
  36  4:15  Marine x2  
  39  4:18  SCV  
  39  4:22  Raven, Supply Depot  
  38  4:43  Marine, Siege Tank  
  38  4:44  Command Center  
  34  5:13  Marine x2  
  27  5:14  Raven  
  25  5:35  Marine x2  
  25  5:39  SCV  
  24  5:54  SCV  
  28  5:57  Siege Tank  
  28  6:00  Orbital Command  
  28  6:04  SCV  
  28  6:06  Barracks, SCV  
  28  6:07  Barracks  
  30  6:12  Marine  
  30  6:16  SCV  
  32  6:21  SCV  
  33  6:26  SCV  
  33  6:28  SCV  
  33  6:30  Marine  
  36  6:33  SCV  
  36  6:34  Siege Tank  
  36  6:38  SCV  
  41  6:44  SCV  
  42  6:47  Starport Reactor  
Tags
 
Add a new tag
Caveats
  • Supply blocks, unpowered buildings, or Contaminate may cause inaccurate times.
  • Supply counts are checked every 10 seconds.